 Dungeon Crawl Stone Soup version 0.30.1-11-g7821555f0a (webtiles) character file.

Game seed: 12054433262740099993

103485 Condegh the Brawler (level 15, -4/158 HPs)
             Began as a Troll Monk on Dec 22, 2023.
             Was the Champion of Wu Jian.
             Succumbed to poison
             ... while paralysed by a fenstrider witch
             ... on level 1 of the Swamp on Dec 23, 2023.
             The game lasted 02:37:40 (20636 turns).

Condegh the Brawler (Troll Monk)                   Turns: 20636, Time: 02:37:41

Health: -4/158     AC:  7    Str: 29    XL:     15   Next: 89%
Magic:  18/18      EV:  1    Int: 12    God:    Wu Jian [******]
Gold:   879        SH:  0    Dex: 14    Spells: 18/20 levels left

rFire   . .          .
                       - Unarmed
rCold   . . .        d - +2 kite shield
rNeg    . . .        u - +1 robe {Will+}
rPois   .            F - +1 hat
rElec   +            B - +0 cloak
rCorr   .            (gloves unavailable)
SInv    .            (boots unavailable)
Will    ++...        m - amulet of reflection
Stlth   +            a - +6 ring of strength
HPRegen 1.26/turn    x - ring of the Ten Knaves {rElec Dex+2 Slay+4}
MPRegen 0.16/turn

%: reflection
@: paralysed, lethally poisoned (-4 -> -42), studying Shields
A: large, unfitting armour, claws 3, regeneration 1, shaggy fur 1, tough skin 1
a: Renounce Religion, Wall Jump, Serpent's Lash, Heavenly Storm


You were on level 1 of the Swamp.
You worshipped Wu Jian.
Wu Jian was exalted by your worship.
You visited 5 branches of the dungeon, and saw 24 of its levels.

You collected 2236 gold pieces.
You spent 1357 gold pieces at shops.

Inventory:

Hand Weapons
 D - the +1 trident of Zin {protect, Fragile rF- rN+++ SInv}
   (You found it on level 3 of the Lair of Beasts)

   rF:        It makes you vulnerable to fire.
   rN:        It renders you almost immune to negative energy.
   SInv:      It lets you see invisible.
   Fragile:   It will be destroyed if unequipped.
Armour
 c - an orb of light
 d - a +2 kite shield (worn)
 u - a +1 robe of willpower (worn)
 A - a +2 robe of cold resistance
 B - a +0 cloak (worn)
 F - a +1 hat (worn)
 G - a +2 robe of fire resistance
 P - a +1 robe of positive energy
Jewellery
 a - a +6 ring of strength (left claw)
 m - an amulet of reflection (around neck)
 p - a ring of fire
 x - the ring of the Ten Knaves (right claw) {rElec Dex+2 Slay+4}
   (You found it on level 5 of the Lair of Beasts)

   [ring of slaying]

   Dex:       It affects your dexterity (+2).
   Slay:      It affects your accuracy & damage with ranged weapons and melee
   (+4).
   rElec:     It insulates you from electricity.
 z - a ring of ice
Wands
 s - a wand of iceblast (11)
 w - a wand of polymorph (4)
 J - a wand of mindburst (8)
Scrolls
 e - 8 scrolls of magic mapping
 g - 6 scrolls of blinking
 h - 5 scrolls of teleportation
 i - 6 scrolls of poison
 t - 7 scrolls of amnesia
 v - a scroll of acquirement
 y - 4 scrolls of silence
 H - 3 scrolls of fog
 I - 2 scrolls of fear
 K - a scroll of summoning
Potions
 b - 11 potions of ambrosia
 f - 8 potions of heal wounds
 j - 4 potions of mutation
 k - 12 potions of haste
 l - 2 potions of flight
 n - 2 potions of curing
 o - 4 potions of resistance
 q - a potion of lignification
 r - 4 potions of might
 C - a potion of berserk rage
 M - a potion of cancellation
Miscellaneous
 E - a lightning rod (4/4)
 L - a box of beasts


   Skills:
 + Level 12.8 Fighting
 - Level 9.9 Dodging
 + Level 7.1 Shields
 * Level 20.5 Unarmed Combat
 + Level 3.1 Spellcasting
 - Level 3.3 Transmutations


You had 18 spell levels left.
You knew the following spells:

 Your Spells              Type           Power      Damage    Failure   Level
a - Wereblood             Tmut           9%         N/A       17%         2

Your spell library contained the following spells:

 Spells                   Type           Power      Damage    Failure   Level
 Passwall                 Tmut/Erth      4%         N/A       32%         2
 Magic Dart               Conj           4%         1d3       38%         1
 Summon Small Mammal      Summ           4%         N/A       38%         1
 Searing Ray              Conj           2%         2d4       54%         2
 Sublimation of Blood     Necr           1%         N/A       54%         2
 Call Canine Familiar     Summ           1%         N/A       77%         3
 Gell's Gravitas          Tloc           1%         N/A       77%         3
 Ozocubu's Armour         Ice            1%         N/A       77%         3
 Summon Guardian Golem    Hex/Summ       1%         N/A       77%         3
 Teleport Other           Tloc           1%         N/A       77%         3
 Volatile Blastmotes      Fire/Tloc      2%         2d10      77%         3
 Fulminant Prism          Conj/Hex       0%         3d5       99%         4
 Iskenderun's Mystic Bla  Conj/Tloc      1%         2d3       99%         4
 Olgreb's Toxic Radiance  Pois           1%         N/A       99%         4
 Lee's Rapid Deconstruct  Erth           0%         3d4*      100%        5
 Dispersal                Tloc           0%         N/A       100%        6
 Ozocubu's Refrigeration  Ice            0%         4d7       100%        7
 Summon Hydra             Summ           0%         N/A       100%        7
 Discord                  Hex            0%         N/A       100%        8
 Ignition                 Fire           0%         3d3       100%        8


Dungeon Overview and Level Annotations

Branches:
Dungeon (15/15) Temple (1/1) D:4 Lair (5/5) D:10 Swamp (1/4) Lair:2 Snake (0/4) Lair:3 Slime (0/5) Lair:4 Orc (2/2) D:11 Elf (0/3) Orc:2 Vaults (0/5) D:12 D:13 Depths: D:15

Altars:
Ashenzari
Cheibriados
Elyvilon
Fedhas
Kikubaaqudgha
Makhleb
Nemelex Xobeh
Qazlal
Ru
Sif Muna
Trog
Uskayaw
Vehumet
Wu Jian
Xom
Yredelemnul
Zin
The Shining One
Jiyva
Lugonu

Shops:
D:8 ?   D:10 ?   Orc:2 [*:

Portals:
Abyss: Lair:5 Swamp:1

Annotations:
D:6 2 transporters, zen1337's ghost, amateur DrCj
D:9 2 transporters, bimbombam's ghost, novice DrCj
Swamp:1 1 transporter, ababab's ghost, journeyman FeEn


Innate Abilities, Weirdness & Mutations

You are too large for most types of armour.
You have claws for hands.
Your natural rate of healing is unusually fast.
You are covered in fur. (AC +1)
You have tough skin. (AC +1)


Message History

The eleionoma is heavily wounded.
The eleionoma closely misses you.
You eviscerate the eleionoma!!!
You kill the eleionoma!
The Council accepts your kill.
An eleionoma bone magically twists into a runed fluorescent wand.
J - a wand of mindburst (8)
You see here an eleionoma corpse.
You enter the shallow water.
Found a human skeleton.
k - 12 potions of haste (gained 2)
Found 2 stones.
You enter the shallow water.
A goliath frog comes into view.
The goliath frog moves out of view.
The spriggan druid shouts!
You hear a roar!
You barely miss the fenstrider witch.
The fenstrider witch points at you and mumbles some strange words.
You suddenly lose the ability to move!
A jorogumo appears out of thin air!
The fenstrider witch hits you. The fenstrider witch kicks you!
The fenstrider witch hits you! The fenstrider witch kicks you!
The jorogumo changes into a fire dragon!
The fenstrider witch points at you and mumbles some strange words.
The toxic sludge hits you!!
You are poisoned.
Splash!
You fall into the toxic bog.
You fester in the toxic bog!
You are more poisoned.
You feel extremely sick. The fenstrider witch hits you!
The fenstrider witch kicks you!
* * * LOW HITPOINT WARNING * * *
The fenstrider witch hits you but does no damage.
The fenstrider witch kicks you!
* * * LOW HITPOINT WARNING * * *
You fester in the toxic bog!
You are more poisoned.
* * * LOW HITPOINT WARNING * * *
You die... .......~.♣♣ ♣...# ...~~...♣♣ ♣..# ## ..>...§.~♣♣ ♣♣..# ... ..~♣♣.~..~♣♣♣~.!## Dx.

~~.♣♣.~~~..♣~~...####
~~.........~♣.......##
~...~§^.....~..(.....##
.....~~~..~.~..........
.......~..~♣♣♣.@H......
..........♣♣ ♣♣♣♣.....~
##.#...^..♣ ♣F...~
#...#....§. ♣.~.~
÷...#...~~.~ .... ..
#......~ ~.♣ ♣♣


You could see a fire dragon shaped shifter, a fenstrider witch, a goliath frog
and a worldbinder.

Vanquished Creatures
  Rupert (D:12)
  Kirke (D:13)
  An orc warlord (Orc:1)
  Nessos (D:13)
  An eleionoma (Swamp:1)
  Azrael (D:12)
  3 bunyips (Swamp:1)
  An entropy weaver (shapeshifter) (D:14)
  Fannar (Lair:2)
  8 hydras
  A catoblepas (Lair:5)
  An ogre mage (D:15)
  Harold (Orc:1)
  A death knight (D:13)
  An alligator (Swamp:1)
  14 two-headed ogres
  3 centaur warriors
  A boulder beetle (D:11)
  A tengu warrior (D:13)
  3 orc high priests (Orc:2)
  Urug (D:13)
  3 thrashing horrors (Lair:5)
  A skyshark (Lair:2)
  2 goliath frogs (Swamp:1)
  4 skeletal warriors (D:14)
  A bog body (Swamp:1)
  2 deep elf pyromancers
  4 orc knights
  5 ugly things
  5 orc sorcerers
  4 cyclopes
  3 manticores
  13 elephants
  Maurice (D:8)
  A black mamba (Lair:2)
  2 smoke demons (Lair:5)
  10 cane toads
  2 unseen horrors
  A gargoyle (D:10)
  3 rime drakes
  A kobold demonologist (D:9)
  6 komodo dragons
  Psyche (D:9)
  Maggie (D:9)
  An efreet (D:12)
  2 ancient zymes (Lair:5)
  9 trolls
  2 queen bees
  A wind drake (shapeshifter) (D:14)
  3 tyrant leeches
  A polar bear (Lair:1)
  34 blink frogs
  7 dream sheep (Lair:4)
  2 hornets
  19 slime creatures
  2 ynoxinuls (Lair:5)
  2 spriggans
  Sigmund (D:6)
  2 shadows
  A wraith (D:14)
  3 wyverns
  49 yaks
  3 vampires
  2 fire elementals (D:12)
  6 basilisks
  3 hogs (D:13)
  8 vampire mosquitoes
  2 basilisks (shapeshifter)
  A steam dragon (D:10)
  16 humans
  3 large abominations (Lair:5)
  A chaos spawn (Lair:5)
  Grum (D:11)
  7 swamp worms
  3 wargs
  3 nagas (Lair:3)
  9 small abominations (Lair:5)
  2 hell hounds (D:12)
  2 acid dragons
  13 water moccasins
  3 ice beasts
  27 orc warriors
  3 black bears (D:6)
  A sky beast (D:8)
  14 wolves
  10 centaurs
  3 ogres
  A phantom (D:5)
  4 kobold brigands
  8 bullfrogs
  7 scorpions
  15 wights
  53 killer bees
  4 howler monkeys
  A lava snake (D:11)
  A hound (D:5)
  6 jellies
  A gnoll bouda (D:10)
  25 orc priests
  4 sleepcaps
  Jessica (D:2)
  4 iguanas
  23 orc wizards
  Robin (D:4)
  10 gnolls
  8 adders
  A river rat (Lair:2)
  A river rat (shapeshifter) (Lair:5)
  2 white imps
  2 ufetubi
  3 worms
  2 dart slugs
  69 orcs
  5 ball pythons
  6 endoplasms
  5 giant cockroaches
  13 goblins
  6 hobgoblins
  8 jackals
  3 quokkas
  6 bats
  5 frilled lizards
  21 kobolds
  5 rats
  2 butterflies (Lair:2)
752 creatures vanquished.

Vanquished Creatures (others)
  A quokka (D:3)
1 creature vanquished.

Grand Total: 753 creatures vanquished

Notes
Turn   | Place    | Note
-------+----------+-------------------------------------------
     0 | D:1      | Condegh the Troll Monk began the quest for the Orb.
     0 | D:1      | Reached XP level 1. HP: 22/22 MP: 0/0
    17 | D:1      | Reached XP level 2. HP: 26/29 MP: 1/1
    85 | D:1      | You fall into a shaft and drop 1 floor!
   611 | D:2      | Reached XP level 3. HP: 36/36 MP: 2/2
   723 | D:2      | Reached skill level 4 in Unarmed Combat
   902 | D:2      | Noticed Jessica
   905 | D:2      | Killed Jessica
   906 | D:2      | Reached XP level 4. HP: 45/45 MP: 3/3
  1232 | D:3      | Reached XP level 5. HP: 52/53 MP: 4/4
  1359 | D:3      | Found a basalt altar of Yredelemnul.
  1359 | D:3      | Found a sparkling altar of Nemelex Xobeh.
  1484 | D:3      | Reached skill level 5 in Unarmed Combat
  1535 | D:3      | Reached XP level 6. HP: 61/61 MP: 5/5
  1549 | D:3      | Found a burning altar of Makhleb.
  1667 | D:3      | Found a white marble altar of Elyvilon.
  2073 | D:4      | Noticed Robin
  2086 | D:4      | Killed Robin
  2204 | D:4      | Found a glowing silver altar of Zin.
  2293 | D:4      | Found a staircase to the Ecumenical Temple.
  2301 | Temple   | Entered the Ecumenical Temple
  2379 | Temple   | Became a worshipper of the Wu Jian Council
  2379 | Temple   | Reached * piety under Wu Jian
  2379 | Temple   | Reached ** piety under Wu Jian
  2790 | D:5      | Entered Level 5 of the Dungeon
  2823 | D:5      | Reached skill level 6 in Unarmed Combat
  2823 | D:5      | Reached XP level 7. HP: 63/68 MP: 6/6
  3242 | D:5      | Reached skill level 7 in Unarmed Combat
  3282 | D:5      | Reached XP level 8. HP: 75/79 MP: 7/7
  4048 | D:6      | Found a transporter.
  4115 | D:6      | Reached skill level 8 in Unarmed Combat
  4210 | D:6      | Reached skill level 5 in Fighting
  4225 | D:6      | Reached skill level 5 in Dodging
  4275 | D:6      | Found a transporter.
  4276 | D:6      | Noticed zen1337's ghost (amateur DrCj)
  4474 | D:6      | Noticed Sigmund
  4477 | D:6      | Killed Sigmund
  4522 | D:6      | Reached *** piety under Wu Jian
  4523 | D:6      | Reached skill level 9 in Unarmed Combat
  4523 | D:6      | Reached XP level 9. HP: 88/88 MP: 8/8
  5074 | D:7      | Found a glowing golden altar of the Shining One.
  5178 | D:7      | Found a bloodstained altar of Trog.
  5184 | D:7      | Found a shimmering blue altar of Sif Muna.
  5194 | D:7      | Got Sif Muna's Atlas of the Anticline
  5639 | D:7      | Reached skill level 10 in Unarmed Combat
  5718 | D:8      | Noticed a manticore
  5718 | D:8      | Found a bloodstained altar of Trog.
  5720 | D:8      | Killed a manticore
  5762 | D:8      | Noticed Maurice
  5771 | D:8      | Killed Maurice
  5907 | D:8      | Reached XP level 10. HP: 100/100 MP: 9/9
  5928 | D:8      | Found Dofops's Magic Scroll Emporium.
  5933 | D:8      | Bought a scroll of teleportation for 33 gold pieces
  5933 | D:8      | Bought a scroll of magic mapping for 82 gold pieces
  6012 | D:8      | Found a sacrificial altar of Ru.
  6059 | D:8      | Reached **** piety under Wu Jian
  6080 | D:8      | Found a shimmering altar of Xom.
  6100 | D:8      | Reached skill level 11 in Unarmed Combat
  6489 | D:9      | Noticed Maggie
  6496 | D:9      | Killed Maggie
  6566 | D:9      | Noticed Psyche
  6579 | D:9      | Killed Psyche
  6659 | D:9      | Reached skill level 12 in Unarmed Combat
  6816 | D:9      | Found a transporter.
  6816 | D:9      | Noticed bimbombam's ghost (novice DrCj)
  6826 | D:9      | Found a transporter.
  7075 | D:10     | Entered Level 10 of the Dungeon
  7225 | D:10     | Noticed a two-headed ogre
  7232 | D:10     | Killed a two-headed ogre
  7233 | D:10     | Reached XP level 11. HP: 85/110 MP: 10/10
  7322 | D:10     | Found Jiule's Magic Scroll Shop.
  7407 | D:10     | Reached ***** piety under Wu Jian
  7425 | D:10     | Bought a scroll of identify for 28 gold pieces
  7425 | D:10     | Bought a scroll of identify for 28 gold pieces
  7425 | D:10     | Bought a scroll of blinking for 105 gold pieces
  7472 | D:10     | Reached skill level 13 in Unarmed Combat
  7692 | D:10     | Found a staircase to the Lair.
  7886 | D:11     | Noticed Grum
  7962 | D:11     | Killed Grum
  8040 | D:11     | Noticed a two-headed ogre
  8048 | D:11     | Killed a two-headed ogre
  8090 | D:11     | Noticed a boulder beetle
  8133 | D:11     | Killed a boulder beetle
  8175 | D:11     | Found a staircase to the Orcish Mines.
  8232 | D:11     | Noticed a two-headed ogre
  8239 | D:11     | Killed a two-headed ogre
  8240 | D:11     | Reached skill level 14 in Unarmed Combat
  8350 | D:11     | Found an ancient bone altar of Kikubaaqudgha.
  8552 | Lair:1   | Entered Level 1 of the Lair of Beasts
  8609 | Lair:1   | You fall into a shaft and drop 1 floor!
  8647 | Lair:2   | Reached XP level 12. HP: 31/122 MP: 11/11
  9697 | Lair:2   | Reached skill level 15 in Unarmed Combat
  9802 | Lair:2   | Noticed a six-headed hydra
 10254 | Lair:2   | Identified the +4 lajatang "Gadgh" {freeze, rPois}
 10480 | Lair:2   | Reached ****** piety under Wu Jian
 10556 | Lair:2   | Noticed a four-headed hydra
 10571 | Lair:2   | Killed a five-headed hydra
 10572 | Lair:2   | Reached XP level 13. HP: 85/133 MP: 12/12
 10624 | Lair:2   | Found a staircase to the Swamp.
 10966 | Lair:2   | Reached skill level 16 in Unarmed Combat
 10999 | Lair:2   | Noticed Fannar
 11007 | Lair:2   | Killed Fannar
 11008 | Lair:2   | Reached skill level 10 in Fighting
 11433 | Lair:3   | Found a staircase to the Snake Pit.
 11799 | Lair:3   | Identified the +1 trident of Zin {protect, Fragile rF-
                  | rN+++ SInv}
 12004 | Lair:4   | Found a viscous altar of Jiyva.
 12004 | Lair:4   | Found a staircase to the Slime Pits.
 12034 | Lair:4   | Identified a scroll of acquirement
 12507 | Lair:5   | Entered Level 5 of the Lair of Beasts
 12551 | Lair:5   | Reached skill level 17 in Unarmed Combat
 13241 | Lair:5   | Reached XP level 14. HP: 146/146 MP: 13/13
 13251 | Lair:5   | Reached skill level 18 in Unarmed Combat
 13251 | Lair:5   | Identified the ring of the Ten Knaves {rElec Dex+2 Slay+4}
 13548 | Lair:5   | Found a corrupted altar of Lugonu.
 13548 | Lair:5   | Found a one-way gate to the infinite horrors of the Abyss.
 14485 | Orc:1    | Entered Level 1 of the Orcish Mines
 14554 | Orc:1    | Noticed Harold
 14573 | Orc:1    | Killed Harold
 14927 | Orc:2    | Entered Level 2 of the Orcish Mines
 15044 | Orc:2    | HP: 7/148 [orc high priest/divine providence (14)]
 15326 | Orc:2    | Found a staircase to the Elven Halls.
 15538 | Orc:2    | Reached skill level 19 in Unarmed Combat
 15829 | Orc:2    | Noticed an orc warlord
 15952 | Orc:1    | Killed an orc warlord
 16073 | Orc:2    | Reached skill level 1 in Shields
 16159 | Orc:2    | Found Icysuk's Antique Armour Shoppe.
 16160 | Orc:2    | Found Nad Ogri's Antique Weapon Shoppe.
 16162 | Orc:2    | Found Imedorph's General Store.
 16162 | Orc:2    | Found Jipsiv's Book Emporium.
 16167 | Orc:2    | Bought a scroll of acquirement for 676 gold pieces
 16167 | Orc:2    | Bought a scroll of blinking for 97 gold pieces
 16226 | Orc:2    | Bought a book of Blood for 308 gold pieces
 16229 | Orc:2    | Learned a level 2 spell: Wereblood
 16558 | D:12     | Noticed Rupert
 16558 | D:12     | Paralysed by Rupert for 2 turns
 16566 | D:12     | Killed Rupert
 16626 | D:12     | Reached skill level 1 in Transmutations
 16947 | D:12     | Noticed Azrael
 16951 | D:12     | Reached skill level 1 in Spellcasting
 16953 | D:12     | Killed Azrael
 17495 | D:12     | Found a burning altar of Makhleb.
 17497 | D:12     | Noticed an Executioner
 17586 | D:13     | Noticed Urug
 17586 | D:13     | Noticed Nessos
 17586 | D:13     | Found a gate to the Vaults.
 17605 | D:12     | Reached XP level 15. HP: 104/157 MP: 15/15
 17813 | D:13     | Killed Urug
 17861 | D:13     | Killed Nessos
 18548 | D:13     | Noticed Kirke
 18557 | D:13     | Killed Kirke
 18644 | D:13     | Reached skill level 5 in Shields
 18759 | D:14     | Reached skill level 20 in Unarmed Combat
 19320 | D:14     | Found a glowing golden altar of the Shining One.
 19504 | D:14     | Found a stormy altar of Qazlal.
 19538 | D:15     | Entered Level 15 of the Dungeon
 20186 | Swamp:1  | Entered Level 1 of the Swamp
 20271 | Swamp:1  | Noticed ababab's ghost (journeyman FeEn)
 20274 | Swamp:1  | Found a transporter.
 20597 | Swamp:1  | Noticed a fenstrider witch
 20631 | Swamp:1  | Paralysed by a fenstrider witch for 5 turns
 20636 | Swamp:1  | HP: 6/158 [something (12)]
 20636 | Swamp:1  | Succumbed to poison

Illustrated notes

Levels and vault maps discovered:
D:1:      lightli_arrival_statue_moat, layout_rooms, minivault_5
D:2:      layout_loops_ring, uniq_jessica
D:3:      layout_loops_ring, elyvilon_altar_4,
          mainiacjoe_overflow_six_doors_small, jmf_multi_god_temple,
          kennysheep_generic_room_9
D:4:      layout_basic, mainiacjoe_overflow_catwalk, minmay_temple_entry_ruins,
          serial_rivers, chequers_serial_rivers_micro_a,
          chequers_serial_rivers_small_a, chequers_serial_rivers_room_a,
          chequers_serial_rivers_large_b, chequers_serial_rivers_small_a,
          uniq_robin
D:5:      layout_layer_cave, minmay_manual_mess
D:6:      layout_loops_corners, gammafunk_ghost_stat_death,
          chequers_serial_rivers_small_3, uniq_sigmund
D:7:      layout_rooms, kennysheep_mini_moat,
          nzn_overflow_gifts_of_might_and_magic
D:8:      layout_cave_pools, nicolae_overflow_hidden_temple, serial_shops,
          nicolae_shop_just_a_little_nook, hangedman_feature_mirror,
          uniq_maurice
D:9:      layout_long_grid, gammafunk_ghost_hive, uniq_maggie, uniq_psyche
D:10:     layout_small_grid, lair_entry_dummy, serial_shops, shop, minivault_7
D:11:     layout_big_octagon, minivault_23, minivault_27,
          kiku_gazebo_pond_becter, uniq_grum
D:12:     layout_basic, makhleb_altar_promises_db, uniq_azrael, uniq_rupert
D:13:     layout_irregular_city, david_vaults_3, uniq_kirke
D:14:     layout_roguey, tso_altar, nicolae_qazlal_eye_of_the_storm
D:15:     grunt_enter_depths_hoard, layout_basic, minivault_4,
          kennysheep_two_boxes
Temple:   oiseaux_autumnal_temple
Lair:1:   layout_gridlike, grunt_megastairs_3, serial_bayou_shore_b
Lair:2:   regret_index_wax_grids, layout_regular_city, palyth_hydra_swamp_entry,
          st_stairs_3, grunt_megastairs_4, infiniplex_staircase_pool_2,
          lemuel_fruit_fields, uniq_fannar
Lair:3:   layout_chaotic_city, minmay_snake_entry_guardpost_small
Lair:4:   layout_big_grid, nicolae_slime_entry_field_trip
Lair:5:   hellmonk_lair_end_abyssal_woods, layout_regular_city,
          grunt_megastairs_1
Swamp:1:  layout_basic_swamp, gammafunk_ghost_abyssal_escape,
          evilmike_swamp_ruin_house_1, infiniplex_staircase_pool
Orc:1:    layout_diamond_mine, david_defended_altar_orc, uniq_harold, uniq_urug
Orc:2:    st_orc_congregation, layout_diamond_mine, statue_in_the_mist_lemuel

Skill      XL: |  1  2  3  4  5  6  7  8  9 10 11 12 13 14 15 |
---------------+----------------------------------------------+-----
Unarmed Combat | 4 5 6 7 9 10 12 14 15 17 19 20 | 20.5
Fighting       | 3 4 5 6 7 8 9 11 12 | 12.8
Dodging        | 3 4 5 6 7 8 9 |  9.9
Shields        | 3 7 |  7.1
Transmutations | 1 3 |  3.3
Spellcasting   | 1 3 |  3.1

Action                     |  1- 3 |  4- 6 |  7- 9 | 10-12 | 13-15 || total
---------------------------+-------+-------+-------+-------+-------++-------
  Melee: Unarmed           |    59 |   148 |   216 |   592 |  1085 ||  2100
 Invoke: Serpent's Lash    |       |       |       |     5 |       ||     5
Ability: Whirlwind         |       |       |    18 |    94 |   207 ||   319
         Lunge             |       |       |    26 |    80 |   164 ||   270
  Evoke: Wand              |       |       |       |     5 |    33 ||    38
         Box of beasts     |       |       |       |       |     1 ||     1
    Use: Scroll            |       |     7 |    11 |     8 |     7 ||    33
         Potion            |       |       |       |     1 |     5 ||     6
   Stab: Distracted        |       |       |       |       |     2 ||     2
         Sleeping          |       |       |       |       |     1 ||     1
 Armour: Robe              |     9 |    24 |    35 |   101 |   112 ||   281
         Skin              |       |       |       |       |    15 ||    15
  Dodge: Dodged            |    23 |    50 |    65 |   241 |   277 ||   656
  Block: Orb               |       |       |       |    29 |    62 ||    91
         Kite shield       |       |       |       |       |   258 ||   258
         Reflection        |       |       |       |       |    23 ||    23
